 Dungeon Crawl Stone Soup version 0.30.1-4-g462c640d31 (webtiles) character file.

Game seed: 4393728901407193768

65 Peloso the Shield-Bearer (level 4, 0/40 HPs)
             Began as a Hill Orc Fighter on Aug 27, 2023.
             Slain by an orc
             ... wielding a +0 trident
              (5 damage)
             ... on level 3 of the Dungeon.
             The game lasted 00:05:55 (1999 turns).

Peloso the Shield-Bearer (Hill Orc Fighter)         Turns: 1999, Time: 00:05:55

Health: 0/40       AC: 10    Str: 18    XL:     4   Next: 13%
Magic:  4/4        EV:  7    Int:  8    God:
Gold:   124        SH:  5    Dex: 12    Spells: 3/3 levels left

rFire   . . .        a - +0 long sword
rCold   . . .        d - +0 buckler
rNeg    . . .        c - +0 chain mail
rPois   .            j - +0 helmet
rElec   .            (no cloak)
rCorr   .            (no gloves)
SInv    .            (no boots)
Will    .....        (no amulet) Stlth
                     (no ring)
HPRegen 0.26/turn    (no ring)
MPRegen 0.09/turn

%: no passive effects
@: no status effects
A: no striking features
a: no special abilities


You were on level 3 of the Dungeon.
You visited 1 branch of the dungeon, and saw 3 of its levels.

You collected 124 gold pieces.

Inventory:

Hand Weapons
 a - a +0 long sword (weapon)
Armour
 b - a +0 scale mail
 c - a +0 chain mail (worn)
 d - a +0 buckler (worn)
 j - a +0 helmet (worn)
Scrolls
 e - a scroll of brand weapon {unknown}
 f - a scroll of teleportation
 g - 3 scrolls of fear {unknown}
 i - a scroll of immolation
 k - a scroll of summoning {unknown}
 l - a scroll of enchant weapon
 n - a scroll of amnesia {unknown}
Potions
 h - a potion of might
 m - a potion of haste {unknown}


   Skills:
 + Level 3.9 Fighting
 + Level 3.2 Long Blades
 + Level 3.6 Armour
 + Level 0.5 Dodging
 + Level 0.1 Stealth
 + Level 4.0 Shields


You had 3 spell levels left.
You didn't know any spells.
Your spell library contained the following spells:

 Spells                   Type           Power      Damage    Failure   Level
 Kiss of Death            Conj/Necr      0%         2d5       99%         1
 Confusing Touch          Hex            0%         N/A       100%        3
 Dispel Undead            Necr           0%         3d6       100%        4


Dungeon Overview and Level Annotations

Branches:
Dungeon (3/15)

Altars:
Fedhas


Message History

You closely miss the orc.
The orc is heavily wounded.
The orc barely misses you.
The orc hits you with a +2 hand axe of freezing.
The orc freezes you.
The orc hits you from afar with a +0 trident.
Unknown command.
You hit the orc but do no damage.
The orc is heavily wounded.
The orc hits you but does no damage.
The orc hits you with a +2 hand axe of freezing.
* * * LOW HITPOINT WARNING * * *
The orc freezes you.
* * * LOW HITPOINT WARNING * * *
The orc hits you but does no damage. You block the orc's attack. x2
The orc hits you with a +2 hand axe of freezing.
* * * LOW HITPOINT WARNING * * *
The orc freezes you.
* * * LOW HITPOINT WARNING * * *
Unknown command.
Okay, then.
You hit the orc.
You kill the orc!
You block the orc's attack. The orc hits you but does no damage.
Unknown command.
Things that are here:
a +2 hand axe of freezing; a +0 leather armour; an orc corpse You see here the +6 dagger "Hoirizaf" {venom, Str+5 SInv}.
The orc attacks as you move away! The orc barely misses you.
The orc attacks as you move away! The orc hits you but does no damage.
The orc attacks as you move away! You block the orc's attack.
The orc attacks as you move away! The orc hits you but does no damage.
The orc attacks as you move away! You block the orc's attack.
The orc attacks as you move away! The orc hits you but does no damage.
The orc attacks as you move away! The orc hits you with a +0 short sword.
* * * LOW HITPOINT WARNING * * *
The orc attacks as you move away! The orc hits you but does no damage.
There is a stone staircase leading up here.
The orc hits you from afar with a +0 trident.
You die...

#.##. ....#.).##
#.##.## ....#..... #.#
..####.#.#..)##
#.###.##...#.#...#
##.....#....#.#...#
#...............####
#...................
#..#............>.....#
#...@ooo.............
#.#..........#.#.....
...##...#.......#.....
#..# ##........###.....
#.. #.......## ######
#.# #.......# ##
#.......# ♣♣ #.......#
♣♣. #.......# ♣♣..


You could see 3 orcs.

Vanquished Creatures
  An adder (D:2)
  An orc (D:3)
  4 endoplasms
  A giant cockroach (D:2)
  2 goblins
  7 hobgoblins
  3 kobolds
  2 quokkas (D:1)
  6 ball pythons
  13 bats
  3 frilled lizards
  7 rats
50 creatures vanquished.

Notes
Turn   | Place    | Note
-------+----------+-------------------------------------------
     0 | D:1      | Peloso the Hill Orc Fighter began the quest for the Orb.
     0 | D:1      | Reached XP level 1. HP: 19/19 MP: 1/1
   135 | D:1      | Reached XP level 2. HP: 27/27 MP: 2/2
   524 | D:1      | Reached XP level 3. HP: 33/33 MP: 3/3
   857 | D:1      | Found a faded altar of an unknown god.
  1283 | D:2      | Reached skill level 4 in Shields
  1566 | D:2      | Reached XP level 4. HP: 40/40 MP: 4/4
  1920 | D:3      | Found a blossoming altar of Fedhas.
  1984 | D:3      | Identified the +6 dagger "Hoirizaf" {venom, Str+5 SInv}
  1999 | D:3      | Slain by an orc

Illustrated notes

Levels and vault maps discovered:
D:1:      wander_arrival_lonely_grave, layout_basic,
          chequers_ecumenical_altar_lobes
D:2:      layout_loops_ring, minmay_cut_off
D:3:      layout_rooms, fedhas_altar_fruit_tree

Skill      XL: |  1  2  3 |
---------------+----------+-----
Shields        | 4 |  4.0
Long Blades    | 3 |  3.2
Fighting       | |  3.9
Armour         | |  3.6
Dodging        | |  0.5
Stealth        | |  0.1

Action                     |  1- 3 |  4- 6 || total
---------------------------+-------+-------++-------
  Melee: Long sword        |   157 |    13 ||   170
    Use: Scroll            |     3 |     1 ||     4
         Potion            |     3 |       ||     3
 Armour: Scale mail        |    64 |       ||    64
         Chain mail        |    62 |    13 ||    75
  Dodge: Dodged            |   130 |     9 ||   139
  Block: Buckler           |    67 |     7 ||    74
